AoeStats
← UnknøwnPlayer

Arabia

508140527Analyzed
4v4 RM · 11d ago on Sep 21, 2026· 62m 6s· 8 players
Game mode
Random Map
Map size
Large (8 player)
Population
200
Speed
Normal
Resources
Standard
Victory
Conquest
Starting age
Dark Age
Ending age
Imperial Age
RankedLock teamsTeams togetherTeam positionsShared explorationLock speedFull tech treeHidden civsTurbo modeCheats
Victory
Defeat
🇦🇺 Saracens · Australia
928
+11
🇳🇿 Persians · New Zealand
892
+12
🇦🇷 Vietnamese · Argentina
863
+13
🇳🇱 Spanish · Netherlands
856
+14
🇨🇱 Mongols · Chile
1157
-57
🇨🇱 Wei · Chile
722
-9
🇨🇱 Franks · Chile
719
-9
🇨🇱 Vietnamese · Chile
645
-7
Big papi Nelis
11:03 Feudal Age
15:13 Double-Bit Axe
16:52 Horse Collar
23:32 Castle Age
25:10 Stone Mining
25:11 Gold Mining
26:04 Wheelbarrow
26:05 Padded Archer Armor
27:27 Stone Shaft Mining
27:40 Leather Archer Armor
30:58 Fervor
32:51 Ballistics
33:41 Bloodlines
33:32 Husbandry
33:44 Bloodlines
39:36 Imperial Age
40:52 Conscription
41:53 Hand Cart
43:09 Bow Saw
44:03 Chemistry
43:37 Ring Archer Armor
43:51 Loom
44:12 Heavy Plow
43:47 Elite Conquistador
51:47 Caravan
52:03 Fletching
54:26 Two-Man Saw
58:39 Bodkin Arrow
58:25 Capped Ram
58:36 Capped Ram
Neo2087
5:18 Loom
10:52 Feudal Age
12:11 Wheelbarrow
11:23 Double-Bit Axe
11:21 Horse Collar
20:16 Castle Age
19:35 Stone Mining
21:50 Bow Saw
23:35 Gold Mining
25:20 Husbandry
28:23 Scale Barding Armor
31:22 Heavy Plow
35:00 Imperial Age
33:55 Hand Cart
34:48 Gold Shaft Mining
34:58 Forging
34:43 Fletching
36:02 Bloodlines
36:58 Chemistry
36:44 Conscription
40:31 Siege Engineers
40:47 Ballistics
40:23 Murder Holes
40:51 Chain Barding Armor
41:07 Iron Casting
40:27 Bodkin Arrow
40:33 Padded Archer Armor
42:13 Two-Man Saw
41:49 Elite Mameluke
42:05 Elite Skirmisher
43:16 Thumb Ring
44:32 Bimaristan
47:12 Leather Archer Armor
47:14 Masonry
48:15 Bracer
48:04 Town Watch
49:52 Imperial Skirmisher
59:21 Plate Barding Armor
59:54 Blast Furnace
59:32 Ring Archer Armor
xxx_Panther_xxx1
7:41 Loom
10:21 Feudal Age
12:22 Town Watch
18:10 Castle Age
16:40 Double-Bit Axe
21:41 Bow Saw
24:50 Pikeman
27:37 Fletching
30:55 Bodkin Arrow
32:24 Masonry
40:08 Imperial Age
38:13 Horse Collar
38:47 Town Patrol
40:35 Wheelbarrow
39:47 Light Cavalry
40:37 Bloodlines
40:40 Husbandry
41:58 Hand Cart
42:25 Architecture
42:17 Crossbowman
43:03 Thumb Ring
43:10 Kamandaran
43:24 Thumb Ring
45:16 Padded Archer Armor
45:23 Scale Barding Armor
44:51 Cavalier
44:53 Hussar
46:42 Citadels
46:18 Savar
49:27 Conscription
51:12 Chain Barding Armor
51:03 Forging
51:22 Leather Archer Armor
51:04 Elite War Elephant
57:14 Iron Casting
57:19 Plate Barding Armor
59:08 Ring Archer Armor
59:14 Iron Casting
62:36 Blast Furnace
Juanpiola
8:30 Loom
11:20 Feudal Age
20:52 Bloodlines
24:14 Castle Age
22:03 Double-Bit Axe
22:19 Horse Collar
22:45 Gold Mining
23:32 Fletching
24:03 Padded Archer Armor
29:58 Heavy Plow
31:20 Bodkin Arrow
31:47 Bow Saw
32:18 Wheelbarrow
31:29 Town Watch
34:56 Thumb Ring
37:29 Imperial Age
37:46 Ballistics
37:39 Capped Ram
37:53 Elite Skirmisher
38:55 Hand Cart
40:58 Imperial Skirmisher
41:46 Bracer
43:10 Chemistry
43:12 Leather Archer Armor
44:43 Two-Man Saw
46:42 Town Patrol
49:37 Ring Archer Armor
51:16 Crop Rotation
55:37 Caravan
55:15 Heavy Cavalry Archer
UnknøwnPlayer
4:26 Loom
5:54 Loom
8:06 Feudal Age
9:11 Double-Bit Axe
16:54 Wheelbarrow
19:51 Castle Age
18:16 Gold Mining
18:07 Horse Collar
19:04 Bloodlines
22:01 Scale Barding Armor
22:07 Forging
22:39 Gold Shaft Mining
23:09 Husbandry
26:57 Bow Saw
27:11 Hand Cart
28:43 Chain Barding Armor
29:29 Fervor
29:49 Thumb Ring
29:35 Fletching
29:46 Padded Archer Armor
30:14 Town Watch
30:35 Bodkin Arrow
32:14 Leather Archer Armor
34:48 Imperial Age
33:08 Town Patrol
33:20 Heavy Plow
33:12 Stone Mining
34:15 Ballistics
34:53 Heavy Cavalry Archer
35:59 Parthian Tactics
35:39 Bracer
36:47 Chemistry
36:16 Light Cavalry
37:33 Iron Casting
38:57 Conscription
37:58 Elite Mangudai
40:27 Blast Furnace
40:04 Hussar
41:58 Stone Shaft Mining
41:21 Murder Holes
41:36 Masonry
43:21 Fortified Wall
43:16 Siege Engineers
48:02 Cavalier
52:32 Scale Mail Armor
Mirmidon98
10:39 Feudal Age
8:55 Loom
25:24 Castle Age
26:24 Double-Bit Axe
42:08 Scale Barding Armor
52:01 Scale Mail Armor
52:12 Forging
52:17 Light Cavalry
53:14 Padded Archer Armor
Tiienty
2:27 Loom
10:51 Feudal Age
11:31 Double-Bit Axe
22:33 Castle Age
21:14 Forging
20:59 Gold Mining
23:05 Scale Barding Armor
24:08 Wheelbarrow
23:46 Husbandry
27:58 Gold Shaft Mining
30:38 Hand Cart
31:52 Chain Barding Armor
32:34 Bow Saw
33:41 Iron Casting
47:50 Imperial Age
floresmonserratpaz
5:02 Loom
13:06 Feudal Age
21:12 Bloodlines
34:22 Castle Age
43:19 Padded Archer Armor
43:10 Fletching
45:46 Gold Mining
51:45 Light Cavalry
54:24 Husbandry
56:12 Guard Tower
Connection lost

Rejoining the realm…

Still unreachable

The connection could not be restored.

Session expired

The server has moved on; the page needs a fresh start.